Map: Bel'Shir Vestige LE (Void)

Players

Natiking

  • Race: Protoss Protoss
  • League: Diamond
  • Spawn Location: 11:00

Fimp - Winner!

  • Race: Terran Terran
  • Spawn Location: 5:00

VOD

Have the link to the VOD?

Description

Time

  • Played on: April 11, 2017, 5:34 p.m.
  • Length: 19:23
Show
View Real Time Build Order
Export as new Build Order

Natiking Protoss 

Build Orders:  

Get SALT Encoding   

  12  0:01  Probe (Chrono Boost)  
  13  0:11  Probe (Chrono Boost)  
  14  0:22  Probe (Chrono Boost)  
  14  0:27  Pylon  
  15  0:32  Assimilator  
  15  0:47  Gateway  
  15  0:48  Probe (Chrono Boost)  
  16  0:59  Probe (Chrono Boost)  
  16  1:03  Pylon  
  17  1:09  Probe (Chrono Boost)  
  18  1:20  Probe (Chrono Boost)  
  19  1:30  Probe (Chrono Boost)  
  20  1:35  Cybernetics Core  
  20  1:38  Gateway  
  20  1:41  Probe (Chrono Boost)  
  20  1:46  Zealot  
  23  1:51  Probe (Chrono Boost)  
  24  2:12  Nexus  
  24  2:19  Mothership Core (Chrono Boost)  
  26  2:26  Stalker  
  26  2:29  Adept  
  29  2:38  Warp Gate  
  29  2:40  Probe (Chrono Boost)  
  30  2:59  Twilight Council  
  30  3:03  Assimilator, Probe (Chrono Boost)  
  31  3:15  Pylon  
  31  3:20  Pylon  
  31  3:25  Probe (Chrono Boost)  
  31  3:26  Probe (Chrono Boost)  
  33  3:32  Gateway  
  33  3:35  Gateway, Probe (Chrono Boost)  
  33  3:38  Probe (Chrono Boost)  
  35  3:46  Probe (Chrono Boost)  
  37  3:48  Forge  
  37  3:50  Probe (Chrono Boost)  
  37  3:57  Probe (Chrono Boost)  
  38  4:03  Stalker  
  38  4:04  Stalker  
  38  4:07  Probe (Chrono Boost)  
  43  4:16  Pylon  
  43  4:17  Protoss Ground Weapons Level 1  
  43  4:19  Pylon  
  43  4:34  Pylon  
  43  4:38  Probe (Chrono Boost)  
  44  4:43  Photon Cannon  
  44  4:56  Photon Cannon  
  44  5:04  Probe (Chrono Boost)  
  45  5:07  Assimilator  
  45  5:11  Stalker x3  
  51  5:15  Probe (Chrono Boost)  
  52  5:21  Assimilator  
  52  5:25  Probe (Chrono Boost)  
  53  5:29  Gateway, Blink  
  53  5:35  Gateway  
  54  5:36  Probe x2 (Chrono Boost)  
  55  5:47  Probe (Chrono Boost)  
  55  5:49  Probe (Chrono Boost)  
  57  5:54  Stalker x3  
  63  5:57  Probe (Chrono Boost)  
  63  6:01  Probe (Chrono Boost)  
  65  6:08  Probe (Chrono Boost)  
  65  6:10  Stargate  
  67  6:18  Probe (Chrono Boost)  
  67  6:29  Probe (Chrono Boost)  
  68  6:36  Nexus  
  68  6:39  Pylon, Probe (Chrono Boost)  
  69  6:46  Pylon  
  69  6:48  Pylon  
  69  6:50  Probe (Chrono Boost)  
  70  6:58  Stalker x2  
  70  6:59  Stalker x2  
  78  7:07  Probe (Chrono Boost)  
  79  7:15  Fleet Beacon  
  79  7:18  Probe (Chrono Boost)  
  80  7:28  Probe (Chrono Boost)  
  81  7:45  Stalker x3  
  81  7:46  Stalker  
  87  8:24  Probe (Chrono Boost)  
  88  8:29  Pylon  
  88  8:31  Pylon  
  86  8:34  Probe (Chrono Boost)  
  86  8:35  Probe (Chrono Boost)  
  86  8:36  Probe (Chrono Boost)  
  89  8:47  Probe (Chrono Boost)  
  90  8:51  Gateway  
  90  8:58  Stalker x3  
  95  9:14  Probe (Chrono Boost)  
  95  9:16  Probe (Chrono Boost)  
  97  9:21  Gateway  
  97  9:26  Probe (Chrono Boost)  
  97  9:27  Probe (Chrono Boost)  
  99  9:38  Probe (Chrono Boost)  
  100  9:42  Stalker x3  
  100  9:43  Stalker x2  
  100  9:45  Probe (Chrono Boost)  
  67  10:27  Stalker  
  67  10:28  Stalker x5  
  71  10:39  Gateway  
  71  10:51  Stargate  
  71  10:53  Stargate, Probe (Chrono Boost)  
  72  10:57  Assimilator  
  72  10:59  Assimilator  
  72  11:03  Stalker  
  75  11:04  Probe (Chrono Boost)  
  75  11:11  Stalker x4  
  77  11:12  Stalker x2  
  77  11:14  Probe (Chrono Boost)  
  88  11:21  Stargate  
  88  11:25  Probe (Chrono Boost)  
  90  11:46  Stalker x2  
  90  11:47  Stalker x3  
  99  12:14  Nexus  
  99  12:18  Zealot  
  101  12:25  Pylon  
  101  12:27  Pylon  
  101  12:29  Pylon  
  101  12:32  Carrier  
  101  12:33  Nexus  
  107  12:47  Stalker x5  
  123  13:19  Carrier  
  121  13:24  Stalker x2  
  125  13:28  Protoss Ground Weapons Level 2  
  125  13:31  Pylon  
  125  13:32  Pylon  
  125  13:35  Pylon  
  125  13:36  Photon Cannon x2  
  125  13:38  Photon Cannon  
  125  13:47  Zealot x3  
  125  13:48  Zealot  
  139  14:24  Carrier  
  139  14:26  Pylon  
  139  14:27  Graviton Catapult  
  139  14:29  Pylon  
  139  14:31  Pylon  
  139  14:39  Pylon  
  139  14:54  Templar Archives  
  139  14:56  Carrier  
  145  15:14  Pylon  
  145  15:17  Carrier  
  151  15:24  Anion Pulse-Crystals  
  151  15:32  Nexus  
  139  15:38  Carrier  
  85  15:50  Zealot x4  
  93  16:05  High Templar x3  
  93  16:06  High Templar  
  101  16:13  Pylon  
  100  16:19  Void Ray  
  100  16:20  Archon  
  100  16:21  Archon  
  100  16:24  Void Ray  
  101  16:57  High Templar x7  
  101  16:58  High Templar  
  119  17:08  Mothership Core (Chrono Boost)  
  119  17:12  Archon  
  119  17:13  Archon x3  
  119  17:22  Nexus  
  63  17:45  Zealot x4  
  63  17:46  Zealot  
  73  17:58  Void Ray  
  71  18:26  Void Ray  
  63  18:32  Void Ray  
  61  18:47  Probe (Chrono Boost)  
  51  18:54  High Templar  
  53  18:56  High Templar x4  
  53  18:58  Probe (Chrono Boost)  
  53  19:01  Probe (Chrono Boost)  
  63  19:04  Archon x2  
Show
View Real Time Build Order
Export as new Build Order

Fimp Terran - Winner!

Build Orders: Reaper Expand, MMM Bio 

Get SALT Encoding   

  12  0:01  SCV  
  13  0:13  SCV  
  14  0:18  Supply Depot  
  14  0:25  SCV  
  15  0:40  SCV  
  15  0:41  Barracks  
  16  0:46  Refinery  
  16  0:52  SCV  
  17  1:08  SCV  
  18  1:32  Reaper  
  19  1:34  Command Center  
  19  1:41  Orbital Command  
  19  2:00  Supply Depot  
  19  2:04  Barracks Reactor  
  19  2:08  SCV  
  20  2:22  SCV  
  21  2:34  SCV  
  22  2:40  Factory  
  22  2:42  Barracks  
  22  2:43  Marine x2  
  24  2:47  Orbital Command  
  24  3:01  Refinery  
  24  3:03  Marine x2  
  26  3:07  SCV  
  27  3:16  SCV  
  28  3:25  SCV  
  28  3:27  Marine x2  
  29  3:31  Barracks Tech Lab, Engineering Bay  
  31  3:35  Factory Reactor  
  31  3:38  Starport  
  31  3:42  SCV x2, Supply Depot  
  33  3:52  Marauder, Marine  
  36  3:57  SCV x2  
  38  4:02  Stimpack  
  38  4:10  Bunker, SCV x2  
  38  4:14  Marine  
  38  4:15  Marine  
  42  4:19  Marauder  
  44  4:29  SCV x2  
  46  4:32  Factory Tech Lab  
  46  4:36  Marine x2  
  48  4:45  SCV x2  
  50  4:52  Missile Turret  
  50  4:57  Missile Turret  
  50  5:15  Command Center  
  50  5:16  Marine x2  
  50  5:17  Marauder  
  54  5:33  Supply Depot  
  54  5:36  Supply Depot  
  54  5:42  Refinery  
  54  5:45  Refinery  
  54  5:55  SCV x2, Medivac, Siege Tank  
  61  5:58  Medivac, Terran Infantry Weapons Level 1  
  61  6:03  Combat Shields  
  63  6:04  Marauder, Marine x2  
  63  6:05  Barracks  
  67  6:12  SCV x2  
  67  6:13  Supply Depot  
  67  6:14  Supply Depot  
  69  6:28  Marauder, Marine x2  
  69  6:29  Siege Tank  
  76  6:33  Medivac  
  76  6:35  SCV  
  76  6:37  Orbital Command  
  79  6:43  Missile Turret  
  79  6:54  Barracks Tech Lab  
  79  6:57  Marine  
  79  6:58  Marauder, Marine  
  83  7:12  SCV x3  
  86  7:26  Marauder x2, Marine x2  
  86  7:27  Medivac x2, Siege Tank  
  99  7:34  Concussive Shells  
  99  7:38  SCV x2  
  99  7:39  Armory  
  99  7:43  Supply Depot  
  101  7:44  Supply Depot  
  101  7:51  SCV  
  101  8:05  Marauder, Marine x2, Siege Tank  
  108  8:06  Marauder, Medivac  
  97  8:23  Marine x2  
  97  8:25  Terran Infantry Armor Level 1  
  94  8:28  Marauder  
  94  8:29  Marauder  
  98  8:37  Siege Tank  
  101  8:54  Supply Depot  
  101  8:55  Supply Depot  
  101  8:59  SCV x3  
  104  9:06  Marauder x2, Marine x2  
  110  9:11  Liberator  
  110  9:12  Supply Depot  
  110  9:13  Missile Turret, Liberator  
  110  9:14  Supply Depot  
  110  9:18  Supply Depot  
  110  9:24  Marine  
  110  9:25  Siege Tank  
  120  9:33  Command Center  
  120  9:38  Command Center  
  120  9:39  Marauder x2, Marine  
  124  9:57  Siege Tank  
  127  10:04  Marine  
  127  10:05  Marauder x2, Marine  
  122  10:20  Medivac x2  
  120  10:22  Marine x2  
  120  10:26  Marine  
  121  10:31  Marauder  
  123  10:40  Marine  
  123  10:42  Marine  
  125  10:44  Marauder  
  127  10:52  Marine  
  127  10:56  Barracks  
  128  11:02  Supply Depot  
  128  11:04  Supply Depot  
  128  11:09  Marauder, Marine x2  
  128  11:10  Marauder  
  134  11:12  Thor  
  134  11:13  Medivac x2  
  134  11:15  Terran Infantry Weapons Level 2  
  134  11:17  Terran Vehicle And Ship Armor Level 1  
  144  11:20  Orbital Command  
  144  11:26  Supply Depot  
  144  11:27  Marine x2  
  144  11:28  Supply Depot  
  144  11:30  Marauder  
  144  11:31  Marine  
  147  11:45  Marine x2  
  133  11:50  Marauder  
  133  11:52  Marauder  
  137  11:55  Thor  
  143  12:07  Supply Depot  
  143  12:09  Refinery  
  143  12:10  Liberator x2  
  143  12:11  Marine x2  
  143  12:12  Refinery  
  143  12:13  Barracks Reactor  
  145  12:24  Marauder  
  145  12:25  Marauder  
  145  12:29  Marine x2  
  157  12:47  Starport  
  157  13:03  Marauder x2, Marine x4  
  157  13:05  Thor  
  160  13:21  Marine x2  
  160  13:25  Marine  
  160  13:26  Marauder x2, Marine  
  168  13:30  Terran Infantry Armor Level 2  
  168  13:39  Marine x2  
  168  13:41  Starport Reactor  
  168  13:46  Viking x2  
  168  13:48  Command Center  
  171  14:19  Marauder  
  173  14:24  Supply Depot x2  
  173  14:43  Supply Depot  
  173  14:45  Supply Depot  
  173  14:46  Viking x4, Marauder, Marine x4  
  173  14:47  Supply Depot x2  
  173  14:48  Terran Ship Weapons Level 1  
  187  15:08  Marauder x2, Marine  
  187  15:09  Marine x3  
  195  15:26  Marine x2  
  197  15:29  Marauder  
  169  15:43  Marine  
  169  15:44  Marine x4  
  169  15:45  Viking x3  
  169  15:46  Viking, Terran Infantry Weapons Level 3  
  169  15:47  Siege Tank  
  178  15:50  Marine  
  176  16:01  Marine  
  173  16:17  Marauder x2  
  176  16:19  Siege Tank  
  177  16:38  Marauder  
  154  17:36  Marine x3  
  154  17:37  Marine x3  
  116  17:54  Marine x6  
  109  18:02  Viking x2  
  109  18:03  Viking x2  
  106  18:06  Siege Tank  
  106  18:12  Marine x6  
  114  18:13  Orbital Command  
  106  18:29  Marine  
  106  18:30  Marine  
  107  18:36  Marine x4  
  107  18:37  Viking x2  
  107  18:38  Viking, Siege Tank  
  107  18:39  Command Center  
  117  18:47  Marine  
  117  18:48  Marine  
  118  18:53  Marine  
  118  18:54  Marine x2  
  121  18:57  Marine  
Tags
 
Add a new tag
Caveats
  • Supply blocks, unpowered buildings, or Contaminate may cause inaccurate times.
  • Supply counts are checked every 10 seconds.